 Dungeon Crawl Stone Soup version 0.30.1-11-g7821555f0a (webtiles) character file.

Game seed: 1736643068475293746

725 Ijustatesigmund the Conjurer (level 7, -3/45 HPs)
             Began as an Octopode Conjurer on Jan 12, 2024.
             Slain by Pikel
             ... wielding a +1 whip of electrocution
              (6 damage)
             ... on level 4 of the Dungeon.
             The game lasted 00:08:45 (5527 turns).

Ijustatesigmund the Conjurer (Octopode Conjurer)    Turns: 5527, Time: 00:08:46

Health: -3/45      AC:  1    Str:  6    XL:     7   Next: 71%
Magic:  1/13       EV: 13    Int: 22    God:
Gold:   203        SH:  0    Dex: 11    Spells: 7/14 levels left

rFire   . . .        i - +2 dagger (protect)
rCold   . . .        (no shield)
rNeg    . . .        (helmet restricted)
rPois   .            (no amulet)
rElec   .            g - ring of flight
rCorr   .            (no ring)
SInv    .            (no ring)
Will    .....        (no ring)
Stlth   +++          (no ring)
HPRegen 0.27/turn    (no ring)
MPRegen 0.13/turn    (no ring)
                     (no ring)

%: no passive effects
@: flying
A: almost no armour, amphibious, 8 rings, camouflage 1, gelatinous body 1,
(nimble swimmer 1), tentacles
a: no special abilities


You were on level 4 of the Dungeon.
You visited 1 branch of the dungeon, and saw 5 of its levels.

You collected 203 gold pieces.

Inventory:

Hand Weapons
 i - a +2 dagger of protection (weapon)
 u - a +0 war axe
Missiles
 p - a throwing net
Jewellery
 g - a ring of flight (left tentacle)
 t - a ring of resist corrosion
Wands
 a - a wand of charming (5)
 s - a wand of iceblast (3)
Scrolls
 c - a scroll of teleportation
 e - 2 scrolls of identify
 f - a scroll of amnesia {unknown}
 h - a scroll of summoning {unknown}
 j - 2 scrolls of vulnerability {unknown}
 k - a scroll of blinking {unknown}
 m - a scroll of magic mapping {unknown}
Potions
 b - a potion of curing
 d - 2 potions of flight
 l - 3 potions of heal wounds
 n - a potion of lignification
 o - a potion of might
 q - 2 potions of attraction
 r - 2 potions of haste


   Skills:
 - Level 2.6 Fighting
 - Level 2.0 Dodging
 - Level 2.6 Stealth
 + Level 4.4 Spellcasting
 + Level 5.9 Conjurations
 * Level 4.2 Translocations


You had 7 spell levels left.
You knew the following spells:

 Your Spells              Type           Power      Damage    Failure   Level
a - Magic Dart            Conj           100%       1d8       1%          1
b - Searing Ray           Conj           62%        2d6       1%          2
c - Iskenderun's Mystic   Conj/Tloc      27%        2d7       13%         4

Your spell library contained the following spells:

 Spells                   Type           Power      Damage    Failure   Level
 Dazzling Flash           Conj/Hex       36%        N/A       10%         3
 Mephitic Cloud           Conj/Pois/Air  13%        N/A       14%         3
 Cigotuvi's Dreadful Rot  Necr/Pois/Air  8%         N/A       16%         2
 Poisonous Vapours        Pois/Air       8%         N/A       16%         2
 Passage of Golubria      Tloc           23%        N/A       19%         4
 Fulminant Prism          Conj/Hex       9%         3d7       30%         4
 Ignite Poison            Fire/Tmut/Pois 4%         N/A       32%         3
 Tukima's Dance           Hex            4%         N/A       32%         3
 Summon Forest            Summ/Tloc      7%         N/A       77%         5
 Freezing Cloud           Conj/Ice/Air   6%         6-21      78%         5
 Summon Mana Viper        Hex/Summ       4%         N/A       96%         5
 Yara's Violent Unravell  Hex/Tmut       2%         3d3       96%         5
 Summon Cactus Giant      Summ           2%         N/A       100%        6


Dungeon Overview and Level Annotations

Branches:
Dungeon (5/15)
 Temple: D:4-7

Altars:

Shops:
D:3 [

Annotations:
D:4 Pikel


Innate Abilities, Weirdness & Mutations

You cannot wear most types of armour.
You are amphibious.
You can wear up to eight rings at the same time.
Your skin changes colour to match your surroundings (Stealth+).
Your rubbery body absorbs attacks. (AC +1, EV +1)
((You are camouflaged when in or above water. (Stealth+)))
You have tentacles for arms and can constrict up to eight enemies at once.


Message History

The searing ray hits Pikel!
Pikel is moderately wounded. (Press . to maintain the ray.) Pikel hits you with a +1 whip of electrocution.
You are electrocuted!
The searing ray hits Pikel.
Pikel is heavily wounded.
The searing ray hits the lemure.
The lemure is severely wounded.
Pikel barely misses you.
The searing ray hits Pikel!
Pikel is severely wounded.
The searing ray misses the lemure.
Pikel closely misses you.
The searing ray hits Pikel.
Pikel is severely wounded.
The searing ray hits the lemure.
The lemure is almost dead.
You finish channelling your searing ray.
Pikel closely misses you.
Casting: Searing Ray (safe; 1% risk of failure)
Confirm with . or Enter, or press ? or * to list all spells.
Aiming: Searing Ray (safe; 1% risk of failure)
Press: ? - help, Shift-Dir - straight line, f/p - Pikel
Aim: Pikel, wielding a +1 whip of electrocution and wearing a +0 robe (severely wounded, 74% to hit)
The searing ray hits Pikel.
Pikel is almost dead. (Press . to maintain the ray.) Pikel hits you with a +1 whip of electrocution!
* * * LOW HITPOINT WARNING * * *
The searing ray hits Pikel but does no damage.
Pikel is almost dead.
The searing ray hits the lemure!
You kill the lemure!
That felt strangely unrewarding.
Pikel hits you with a +1 whip of electrocution.
* * * LOW HITPOINT WARNING * * *
The searing ray hits Pikel but does no damage.
Pikel is almost dead.
Pikel hits you with a +1 whip of electrocution.
You die...

##
#.......>.)..####..#
.# #............#
##.. .##
#............## ###
#.## ##............#
# ##.##
#........##### #..##
#####.#### ##..##
##.## ##..# ##K##
##.## ##@## #..##
##.## ##..## ##.##
##..####.##
#...##.## ##.....#
##...## ##.## ###


You could see Pikel.

Vanquished Creatures
  Sigmund (D:2)
  A lemure (D:4)
  A scorpion (D:4)
  A howler monkey (D:4)
  A hound (D:4)
  An orc priest (D:3)
  A gnoll bouda (D:4)
  2 iguanas (D:4)
  2 orc wizards
  8 gnolls (D:4)
  13 adders
  A dart slug (D:3)
  4 orcs
  13 ball pythons
  6 endoplasms
  A giant cockroach (D:1)
  5 goblins
  3 hobgoblins
  2 jackals (D:4)
  7 quokkas
  7 bats
  5 frilled lizards
  5 kobolds
  6 rats
97 creatures vanquished.

Notes
Turn   | Place    | Note
-------+----------+-------------------------------------------
     0 | D:1      | Ijustatesigmund the Octopode Conjurer began the quest for
                  | the Orb.
     0 | D:1      | Reached XP level 1. HP: 11/11 MP: 3/3
   294 | D:1      | Reached XP level 2. HP: 18/18 MP: 0/5
   297 | D:1      | Learned a level 2 spell: Searing Ray
   721 | D:1      | Reached skill level 1 in Fighting
  1266 | D:1      | Reached XP level 3. HP: 23/23 MP: 0/6
  1366 | D:2      | Noticed Sigmund
  1686 | D:2      | HP: 1/24 [poisoned by an adder]
  1690 | D:3      | Found Tojour's Armour Emporium.
  1694 | D:3      | Reached XP level 4. HP: 10/29 MP: 5/8
  1857 | D:3      | Reached XP level 5. HP: 11/35 MP: 3/9
  2719 | D:3      | Reached skill level 5 in Conjurations
  2908 | D:3      | Found a faded altar of an unknown god.
  2987 | D:3      | Learned a level 4 spell: Iskenderun's Mystic Blast
  3632 | D:4      | Reached skill level 1 in Translocations
  3723 | D:4      | Reached XP level 6. HP: 30/41 MP: 3/11
  4455 | D:4      | Reached XP level 7. HP: 45/45 MP: 6/13
  4966 | D:2      | Killed Sigmund
  5463 | D:5      | Entered Level 5 of the Dungeon
  5494 | D:5      | Noticed Pikel
  5526 | D:4      | HP: 2/45 [Pikel/+1 whip of electrocution (4)]
  5527 | D:4      | Slain by Pikel

Illustrated notes

Levels and vault maps discovered:
D:1:      psy_arrival_spokes, layout_basic
D:2:      layout_rooms, uniq_sigmund
D:3:      layout_loops_corners, dilly_ecumenical_altar_fadedgnrine,
          serial_shops, shop, minmay_snake_closets
D:4:      layout_cave_pods
D:5:      nicolae_cairo_tiling, layout_basic, gammafunk_ghost_nasty_kobolds,
          chequers_serial_rivers_large_b, uniq_pikel

Skill      XL: |  1  2  3  4  5  6  7 |
---------------+----------------------+-----
Fighting       | 1 2 |  2.6
Spellcasting   | 3 4 |  4.4
Conjurations   | 5 |  5.9
Translocations | 1 3 4 |  4.2
Dodging        | |  2.0
Stealth        | |  2.6

Action                     |  1- 3 |  4- 6 |  7- 9 || total
---------------------------+-------+-------+-------++-------
  Melee: Dagger            |     5 |    29 |     2 ||    36
         Constrict         |     1 |     6 |       ||     7
         Tentacles         |       |     7 |     1 ||     8
   Cast: Magic Dart        |    62 |    83 |    34 ||   179
         Searing Ray       |     1 |    10 |     7 ||    18
    Use: Potion            |     3 |     2 |     1 ||     6
         Scroll            |     1 |     4 |     2 ||     7
 Armour: Skin              |     6 |     7 |     3 ||    16
  Dodge: Dodged            |    16 |    27 |    16 ||    59
